 Dungeon Crawl Stone Soup version 0.30.1-9-gdf580d7c3d (webtiles) character file.

Game seed: 16366235521843681922

51 KittyFluff the Trooper (level 3, -2/36 HPs)
             Began as a Gargoyle Berserker on Oct 9, 2023.
             Was a Follower of Trog.
             Slain by a gnoll
             ... wielding a +0 flail
              (10 damage)
             ... on level 2 of the Dungeon.
             The game lasted 00:04:28 (1291 turns).

KittyFluff the Trooper (Gargoyle Berserker)         Turns: 1291, Time: 00:04:29

Health: -2/36      AC:  6    Str: 22    XL:     3   Next: 81%
Magic:  3/3        EV: 11    Int:  7    God:    Trog [*.....]
Gold:   86         SH:  0    Dex:  9    Spells: 2/2 levels left

rFire   . . .        a - +0 mace
rCold   . . .        (no shield)
rNeg    + . .        f - +0 leather armour
rPois   ∞            (no helmet)
rElec   +            (no cloak)
rCorr   .            (no gloves)
SInv    .            (no boots)
Will    .....        (no amulet) Stlth
                     (no ring)
HPRegen 0.26/turn    (no ring)
MPRegen 0.08/turn

%: no passive effects
@: berserking (expiring), very quick
A: sickness immunity, AC +3, negative energy resistance 1, electricity
resistance, torment resistance 1, petrification resistance
a: Renounce Religion, Berserk


You were on level 2 of the Dungeon.
You worshipped Trog.
Trog was aware of your devotion.
You visited 1 branch of the dungeon, and saw 2 of its levels.

You collected 86 gold pieces.

Inventory:

Hand Weapons
 a - a +0 mace (weapon)
 c - a +0 sling
Armour
 f - a +0 leather armour (worn)
Scrolls
 e - a scroll of magic mapping {unknown}
 g - a scroll of teleportation {unknown}
Potions
 b - a potion of invisibility {unknown}
 d - 3 potions of curing {unknown}
 h - a potion of brilliance {unknown}


   Skills:
 + Level 3.6 Fighting
 * Level 3.5 Maces & Flails
 * Level 3.1 Armour
 + Level 2.0 Dodging


You had 2 spell levels left.
You didn't know any spells.
Your spell library was empty.

Dungeon Overview and Level Annotations

Branches:
Dungeon (2/15)

Altars:


Innate Abilities, Weirdness & Mutations

You are immune to sickness and miasma.
Your stone body is resilient. (AC +3)
You are immune to poison.
You resist negative energy. (rN+)
You are resistant to electric shocks. (rElec)
You are resistant to unholy torment.
You are immune to petrification.


Message History

A gnoll comes into view. It is wielding a +0 flail.
The gnoll shouts! x2
You sock the gnoll!
The gnoll is heavily wounded.
The gnoll barely misses you.
You closely miss the gnoll.
The gnoll is heavily wounded.
The gnoll closely misses you.
A kobold comes into view. It is wielding a +0 short sword.
You hit the gnoll.
The gnoll is almost dead.
The gnoll barely misses you. The gnoll hits you with a +0 whip.
The gnoll hits you with a +0 club. The gnoll hits you with a +0 flail.
A red film seems to cover your vision as you go berserk!
You feel yourself moving faster!
You feel mighty! The gnoll hits you with a +0 club.
The gnoll hits you with a +0 whip. The gnoll barely misses you.
You completely miss the gnoll. You hit the gnoll.
You kill the gnoll!
Trog accepts your kill. The gnoll hits you with a +0 flail.
The gnoll misses you.
Your Armour skill increases to level 3!
You hit the gnoll.
The gnoll is heavily wounded.
The kobold barely misses you. The gnoll barely misses you.
The gnoll closely misses you.
You sock the gnoll!
You kill the gnoll!
Trog accepts your kill.
The kobold hits you with a +0 short sword.
The gnoll hits you with a +0 flail.
* * * LOW HITPOINT WARNING * * *
Your Dodging skill increases to level 2!
You barely miss the gnoll.
The kobold hits you with a +0 short sword.
* * * LOW HITPOINT WARNING * * *
The gnoll hits you with a +0 flail!
You die...

.....P.......
............
#.........#
#....P..P.#
##.P.......#
....P......#
#...PKgP.!#
#....@).#
...#.##.).#
.#.#......#
...#..#...#
..........#
......#.#####
..##..#†# #.#
........###.#
............#


You could see a gnoll and a kobold.

Vanquished Creatures
  2 gnolls (D:2)
  An adder (D:2)
  2 bats (D:1)
  3 endoplasms (D:1)
  A giant cockroach (D:1)
  4 goblins
  A hobgoblin (D:1)
  2 quokkas (D:1)
  2 ball pythons
  A frilled lizard (D:1)
  A kobold (D:1)
  2 rats
22 creatures vanquished.

Notes
Turn   | Place    | Note
-------+----------+-------------------------------------------
     0 | D:1      | KittyFluff the Gargoyle Berserker began the quest for the
                  | Orb.
     0 | D:1      | Reached XP level 1. HP: 14/14 MP: 1/1
   110 | D:1      | Reached XP level 2. HP: 19/19 MP: 2/2
  1149 | D:2      | Reached XP level 3. HP: 20/23 MP: 3/3
  1291 | D:2      | Slain by a gnoll

Illustrated notes

Levels and vault maps discovered:
D:1:      lightli_arrival_lavapool, layout_basic
D:2:      layout_basic, nicolae_grassy_gnolls, uniq_terence, uniq_jessica

Skill      XL: |  1  2  3 |
---------------+----------+-----
Armour         | 3 |  3.1
Dodging        | 2 |  2.0
Fighting       | |  3.6
Maces & Flails | |  3.5

Action                     || total
---------------------------++-------
  Melee: Mace              ||    67
 Invoke: Berserk           ||     1
   Stab: Sleeping          ||     1
 Armour: Animal skin       ||    14
         Leather armour    ||     5
  Dodge: Dodged            ||    55
